 Dungeon Crawl Stone Soup version 0.18.1-48-g4cf74bf (webtiles) character file.

1139 tyranidshit the Skirmisher (level 8, -2/78 HPs)
             Began as a Deep Dwarf Necromancer on July 22, 2016.
             Slain by a mummy (11 damage)
             ... in an ossuary.
             The game lasted 00:12:42 (2994 turns).

tyranidshit the Skirmisher (Deep Dwarf Necromancer) Turns: 2994, Time: 00:12:43

Health: -2/78      AC:  7    Str: 15    XL:     8   Next: 14%
Magic:  5/5        EV: 11    Int: 15    God:
Gold:   357        SH:  0    Dex: 13    Spells: 1 memorised, 9 levels left

rFire  . . .     SeeInvis .     i - +0 battleaxe
rCold  . . .     Gourm    .     m - +0 ring mail
rNeg   . . .     Faith    .     (shield currently unavailable)
rPois  .         Spirit   .     (no helmet)
rElec  .         Dismiss  .     w - +1 cloak
rCorr  .         Reflect  .     (no gloves)
SustAt .         Harm     .     (no boots)
MR     +....                    (no amulet)
Stlth  +.........               (no ring)
                                (no ring)

@: non-regenerating, somewhat resistant to hostile enchantments, very unstealthy
A: damage resistance, recharge devices, sense surroundings 1, slow regeneration
3
a: Device Recharging


You were in an ossuary.
You were not hungry.

You visited 1 branch of the dungeon, and saw 5 of its levels.
You also visited: Ossuary.

You collected 357 gold pieces.

Inventory:

Hand Weapons
 i - a +0 battleaxe (weapon)
 n - a +0 short sword of freezing
Armour
 a - a +0 robe
 m - a +0 ring mail (worn)
 r - a +0 shield
 w - a +1 cloak (worn)
Wands
 c - a wand of heal wounds (0/9)
 k - a wand of flame (32/48)
 o - a wand of digging (3/24)
 u - a wand of confusion (22/48)
Scrolls
 e - 2 scrolls of teleportation
 h - a scroll of identify
 l - 2 scrolls of magic mapping
 q - 3 scrolls of fog
 t - 2 scrolls of remove curse
 v - a scroll of enchant weapon
 x - 3 scrolls of fear
Potions
 j - a potion of flight
 p - a potion of brilliance
 z - a potion of magic
 A - a potion of cancellation
 B - a potion of agility
Books
 b - a book of Necromancy

   Spells                             Type                      Level
   a - Pain                           Necromancy                   1
   b - Animate Skeleton               Necromancy                   1
   c - Vampiric Draining              Necromancy                   3
   d - Regeneration                   Charms/Necromancy            3
   e - Animate Dead                   Necromancy                   4
   f - Control Undead                 Necromancy                   4
Comestibles
 d - 5 bread rations
 f - 2 meat rations
 g - 2 beef jerkies
 s - 3 fruits


   Skills:
 - Level 6.7 Fighting
 + Level 6.5 Axes
 - Level 2.1 Dodging
 - Level 2.4 Stealth
 - Level 1.7 Spellcasting
 - Level 4.3 Necromancy


You had 9 spell levels left.
You knew the following spells:

 Your Spells              Type           Power        Failure   Level  Hunger
a - Pain                  Necr           ##..         10%         1    ##.....


Dungeon Overview and Level Annotations

Branches:
Dungeon (5/15)
 Temple: D:4-7

Altars:
Ashenzari
Okawaru
Sif Muna
Xom
The Shining One


Innate Abilities, Weirdness & Mutations

You are resistant to damage.
You can recharge devices by infusing magical energy.
You passively map a small area around you.
You do not regenerate naturally.


Message History

You closely miss the scorpion.
The scorpion is moderately wounded.
The scorpion stings you.
The scorpion stings you but does no damage.
You hit the scorpion but do no damage.
The scorpion is moderately wounded.
The scorpion barely misses you.
You slash the scorpion!
You kill the scorpion!
You see here a scorpion corpse.
You open the door.
There is an open door here.
You see here a pink potion.
You barely miss the mummy. The mummy hits you but does no damage.
You barely miss the mummy. The mummy hits you!
* * * LOW HITPOINT WARNING * * *
You slash the mummy!
The mummy is severely damaged.
The mummy hits you!
You die...

######################
#...#..?#...#.....#...
#...'@M.#...'.....#...
#.†.#!!.#.^.#.....8...
##'#######'##.........
#...#...#...#.........
#...8...#...###8.....8
#.......#...#.........
##8...8###'##.........
#.......#...#.....8...
#...8...'..^#.....#...


You could see a mummy.

Vanquished Creatures
  Grinder (D:3)
  Sigmund (D:3)
  An ogre (D:5)
  5 scorpions
  A hound (D:4)
  An orc priest (D:3)
  A human zombie (Ossuary)
  Ijyb (D:2)
  An iguana (D:4)
  An orc wizard (D:4)
  2 worker ants (D:4)
  A mummy (Ossuary)
  Robin (D:3)
  A gnoll (D:1)
  8 adders
  2 scorpion zombies (Ossuary)
  An ooze (D:4)
  3 worms
  4 dart slugs
  2 giant geckos
  13 orcs
  A ball python (D:1)
  11 bats
  5 giant cockroaches
  9 hobgoblins
  2 quokkas (D:4)
  3 giant gecko skeletons (D:4)
  3 giant newts
  A gnoll zombie (Ossuary)
  13 goblins
  2 goblin zombies (Ossuary)
  5 hobgoblin zombies (Ossuary)
  6 kobolds
  3 orc zombies (Ossuary)
  3 rats (D:1)
  A fungus (D:2)
120 creatures vanquished.

Vanquished Creatures (others)
  An orc wizard (D:3)
  A mummy (Ossuary)
2 creatures vanquished.

Grand Total: 122 creatures vanquished

Notes
Turn   | Place    | Note
--------------------------------------------------------------
     0 | D:1      | tyranidshit the Deep Dwarf Necromancer began the quest for the Orb.
     0 | D:1      | Reached XP level 1. HP: 15/15 MP: 3/3
    66 | D:1      | Reached skill level 1 in Fighting
   140 | D:1      | Reached XP level 2. HP: 18/25 MP: 4/4
   241 | D:1      | Reached XP level 3. HP: 29/33 MP: 5/5
   699 | D:2      | Reached XP level 4. HP: 35/42 MP: 6/6
   928 | D:2      | Noticed Ijyb
   962 | D:2      | Killed Ijyb
  1160 | D:3      | Reached XP level 5. HP: 18/50 MP: 6/6
  1254 | D:3      | Noticed Grinder
  1269 | D:3      | Paralysed by Grinder for 7 turns
  1276 | D:3      | Killed Grinder
  1276 | D:3      | Reached skill level 5 in Fighting
  1276 | D:3      | Reached XP level 6. HP: 37/62 MP: 6/6
  1408 | D:3      | Noticed Sigmund
  1418 | D:3      | Killed Sigmund
  1422 | D:3      | Noticed Robin
  1432 | D:3      | Reached XP level 7. HP: 45/70 MP: 7/7
  1432 | D:3      | Killed Robin
  1654 | D:3      | Found a glowing golden altar of the Shining One.
  1656 | D:3      | Found a shimmering altar of Xom.
  1656 | D:3      | Found a shattered altar of Ashenzari.
  1658 | D:3      | Found an iron altar of Okawaru.
  1670 | D:3      | Found a deep blue altar of Sif Muna.
  1760 | D:3      | Reached skill level 1 in Axes
  2716 | D:5      | Entered Level 5 of the Dungeon
  2785 | D:5      | Found a sand-covered staircase.
  2793 | Ossuary  | Entered an ossuary
  2831 | Ossuary  | Reached skill level 5 in Axes
  2896 | Ossuary  | Reached XP level 8. HP: 19/78 MP: 5/5
  2994 | Ossuary  | Slain by a mummy

Skill      XL: |  1  2  3  4  5  6  7  8 |
---------------+-------------------------+-----
Fighting       | 1 2 3 4 5 6 |  6.7
Axes           | 5 6 |  6.5
Dodging        | |  2.1
Stealth        | |  2.4
Spellcasting   | |  1.7
Necromancy     | |  4.3

Action                   |  1- 3 |  4- 6 |  7- 9 || total
-------------------------+-------+-------+-------++-------
Melee: Flail             |   100 |   121 |       ||   221
       Unarmed           |     1 |       |       ||     1
       Battleaxe         |       |    25 |   196 ||   221
       Short sword       |       |     2 |       ||     2
 Cast: Pain              |     8 |       |       ||     8
 Abil: Device Recharging |       |     2 |     3 ||     5
Evoke: Wand              |     2 |    11 |     9 ||    22
  Use: Scroll            |     6 |     4 |     3 ||    13
       Potion            |     4 |     4 |     1 ||     9
 Stab: Sleeping          |     1 |     2 |       ||     3
  Eat: Bread ration      |       |     1 |     1 ||     2
Armor: Robe              |     3 |       |       ||     3
       Ring mail         |   100 |    92 |    77 ||   269
Dodge: Dodged            |   127 |    85 |   162 ||   374
Block: Shield            |    35 |    66 |       ||   101
